 Dungeon Crawl Stone Soup version 0.22-a0-433-gd2a9cce (webtiles) character file.

28366 Mgcat the Executioner (level 13, -3/113 HPs)
             Began as a Minotaur Berserker on May 27, 2018.
             Was a High Priest of Trog.
             Slain by a merfolk
             ... wielding a +0 trident
              (10 damage)
             ... on level 1 of the Shoals.
             The game lasted 00:32:57 (7909 turns).

Mgcat the Executioner (Minotaur Berserker)          Turns: 7909, Time: 00:32:58

Health: -3/113     AC: 18    Str: 29    XL:     13   Next: 9%
Magic:  4/4        EV: 11    Int:  8    God:    Trog [*****.]
Gold:   166        SH:  0    Dex: 14    Spells: 12/12 levels left

rFire    . . .     SeeInvis +   F - +5 battleaxe (antimagic)
rCold    . . .     Gourm    .   (shield currently unavailable)
rNeg     . . .     Faith    +   i - +0 plate armour
rPois    +         Spirit   .   q - +2 hat
rElec    .         Reflect  .   j - +0 cloak
rCorr    .         Harm     .   g - +0 pair of gloves
MR       +++..                  v - +0 pair of boots of the Vanishing People {+Blink rPois Int+4}
Stlth    ..........             r - amulet of faith {Faith, !P}
HPRegen  1.28/turn              C - +4 ring of strength
MPRegen  0.09/turn              h - ring of protection from magic {MR+, !d}

@: lethally poisoned (-3 -> -15), berserk cooldown, regenerating, slowed, very
slow
A: retaliatory headbutt, horns 2, see invisible, strong 1, MP-powered wands
a: Berserk, Trog's Hand, Brothers in Arms, Renounce Religion, Evoke Blink


You were on level 1 of the Shoals.
You worshipped Trog.
Trog was extremely pleased with you.
You were not hungry.

You visited 3 branches of the dungeon, and saw 16 of its levels.

You collected 623 gold pieces.
You spent 457 gold pieces at shops.

Inventory:

Hand Weapons
 F - a +5 antimagic battleaxe (weapon)
   (Trog gifted it to you on level 10 of the Dungeon)
 I - a +4 antimagic executioner's axe
   (Trog gifted it to you on level 1 of the Shoals)
Missiles
 B - 4 throwing nets {=f, !d}
Armour
 g - a +0 pair of gloves (worn)
   (You found it on level 4 of the Lair of Beasts)
 i - a +0 plate armour (worn)
   (You took it off an orc warrior on level 6 of the Dungeon)
 j - a +0 cloak (worn)
   (You found it on level 3 of the Dungeon)
 q - a +2 hat (worn)
   (You took it off Gastronok on level 8 of the Dungeon)
 v - the +0 pair of boots of the Vanishing People (worn) {+Blink rPois Int+4}
   (You found it on level 8 of the Dungeon)

   It affects your intelligence (+4).
   It protects you from poison.
   It lets you blink.
Jewellery
 h - a ring of protection from magic (right hand) {MR+, !d}
   (You found it on level 2 of the Dungeon)
 n - an uncursed ring of flight {+Fly, !d}
   (You found it on level 3 of the Dungeon)
 r - an amulet of faith (around neck) {Faith, !P}
   (You found it on level 4 of the Dungeon)
 C - a +4 ring of strength (left hand)
   (You took it off an orc wizard on level 8 of the Dungeon)
 G - an uncursed ring of teleportation {+/*tele, !d}
   (You found it on level 10 of the Dungeon)
 H - a +3 ring of strength
   (You found it on level 3 of the Lair of Beasts)
 J - an uncursed ring of fire {rF+, rC-}
   (You found it on level 5 of the Lair of Beasts)
Wands
 o - a wand of random effects (68)
   (You found it on level 3 of the Dungeon)
 u - a wand of enslavement (7)
   (You found it on level 4 of the Dungeon)
 y - a wand of flame (42)
   (You took it off Blork the orc on level 4 of the Dungeon)
 D - a wand of paralysis (10)
   (You found it on level 5 of the Lair of Beasts)
Scrolls
 b - 2 scrolls of fog
 e - 2 scrolls of magic mapping {!r}
 l - 2 scrolls of blinking {!r}
 x - a scroll of remove curse
 E - 2 scrolls of teleportation
 K - a scroll of holy word {unknown}
 L - a scroll of random uselessness {unknown}
Potions
 a - a potion of ambrosia {unknown}
 d - 5 potions of heal wounds
 f - a potion of might {unknown}
 m - 2 potions of brilliance {unknown}
 p - a potion of magic {unknown}
 s - 3 potions of curing
 t - a potion of resistance {unknown}
 w - 5 potions of lignification {!q}
 z - 2 potions of cancellation
 A - 3 potions of mutation {!q}
Miscellaneous
 k - a phantom mirror
Comestibles
 c - 11 rations


   Skills:
 - Level 10.1 Fighting
 + Level 21.1 Axes
 + Level 6.4 Armour
 + Level 6.3 Dodging


You had 12 spell levels left.
You didn't know any spells.
Your spell library was empty.

Dungeon Overview and Level Annotations

Branches:
Dungeon (10/15)            Temple (0/1) D:6            Lair (5/6) D:10
 Shoals (1/4) Lair:2       Spider (0/4) Lair:4          Orc (0/2) D:9
  Slime: Lair:5-6

Altars:
Cheibriados
Fedhas
Gozag
Makhleb
Ru
Uskayaw
Vehumet
Wu Jian

Shops:
D:8 *   D:9 !(%

Portals:
Labyrinth: Lair:1


Innate Abilities, Weirdness & Mutations

You reflexively headbutt those who attack you in melee.
You have a pair of horns on your head.
You have supernaturally acute eyesight. (SInv)
Your muscles are strong. (Str +2)
You expend magic power (3 MP) to strengthen your wands.


Message History

Trog accepts your kill.
You closely miss the sea snake.
The merfolk impaler completely misses you.
The sea snake bites you.
You are more poisoned.
The sea snake poisons you!
You barely miss the sea snake. x2; You feel sick.
The faun hits you from afar with a spear!
The sea snake bites you but does no damage.
You feel sick.
The merfolk impaler hits you with a trident of venom.
The sea snake bites you. The merfolk impaler barely misses you.
You furiously retaliate!
You headbutt the merfolk impaler! You slash the merfolk impaler!
You headbutt the merfolk impaler!!
The merfolk impaler is heavily wounded.
You slash the sea snake! You slice the sea snake!!
You feel sick.
The sea snake bites you but does no damage.
The faun hits you but does no damage.
The sea snake bites you but does no damage.
You barely miss the merfolk impaler.
Your headbutt misses the merfolk impaler.
The merfolk impaler is heavily wounded.
You slice the sea snake!! You barely miss the sea snake.
You feel sick.
The merfolk impaler hits you with a trident of venom.
You are more poisoned.
The sea snake bites you.
You slash the merfolk impaler!
Your headbutt misses the merfolk impaler.
The merfolk impaler is severely wounded.
You slice the sea snake!!
You kill the sea snake!
Trog accepts your kill.
Your Armour skill increases to level 6!
Your Dodging skill increases to level 6!
You have reached level 13!
You slash the sea snake!
You feel very sick. The faun barely misses you.
The merfolk impaler hits you but does no damage.
You closely miss the merfolk impaler.
The merfolk impaler is severely wounded.
You miss the sea snake.
You feel sick.
The sea snake bites you but does no damage.
The merfolk impaler hits you with a trident of venom.
You closely miss the merfolk impaler.
Your headbutt misses the merfolk impaler.
The merfolk impaler is severely wounded.
Your plate armour prevents you from hitting the sea snake.
You feel sick. The faun hits you but does no damage.
Your plate armour prevents you from hitting the merfolk impaler.
The merfolk impaler is severely wounded.
You slice the sea snake!!
You kill the sea snake!
Trog accepts your kill.
You feel very sick. The merfolk impaler barely misses you.
The merfolk hits you from afar with a trident!
* * * LOW HITPOINT WARNING * * *
You miss the merfolk impaler. You headbutt the merfolk impaler!
The merfolk impaler is severely wounded.
You feel sick. The faun hits you but does no damage.
The merfolk impaler closely misses you. You furiously retaliate!
You headbutt the merfolk impaler!
You feel very sick.
The merfolk impaler hits you with a trident of venom!
* * * LOW HITPOINT WARNING * * *
You closely miss the merfolk impaler.
The merfolk impaler is almost dead.
You slice the faun!!
The faun's magic leaks into the air.
You feel sick. The faun hits you but does no damage.
The merfolk hits you from afar with a trident!
* * * LOW HITPOINT WARNING * * *
The merfolk impaler hits you with a trident of venom.
* * * LOW HITPOINT WARNING * * *
You slash the merfolk impaler!
You kill the merfolk impaler!
Trog accepts your kill.
You closely miss the faun.
* * * LOW HITPOINT WARNING * * *
You feel sick.
Unknown command.
Unknown command.
You slice the faun!!
The faun's magic leaks into the air.
You kill the faun!
Trog accepts your kill.
Trog appreciates your killing of a magic user.
You hear a splash. x3
* * * LOW HITPOINT WARNING * * *
You feel sick. The merfolk misses you.
You are no longer berserk.
You are exhausted.
You feel yourself slow down.
* * * LOW HITPOINT WARNING * * *
You feel sick.
You cut the merfolk into ribbons!!!
The merfolk is severely wounded.
* * * LOW HITPOINT WARNING * * *
You feel very sick. The merfolk hits you with a trident!
You die...

≈≈.≈≈..# ##.≈≈≈..≈≈≈
≈..≈≈..# #..≈≈....≈...
...≈)..# #..≈≈...≈≈..#
.#...(<# #.≈≈.... ...#
.(..(.## #.≈..# ..####
≈.....# ##....# #.....#
≈....)####.....###....#..
≈..)#............).≈.....
≈.(.#.....≈≈.≈≈m@........
≈.###.≈≈≈≈≈≈≈≈≈≈≈).≈...≈≈
≈≈. #.≈≈≈≈≈≈≈≈≈≈≈≈≈≈...≈≈
≈≈....≈≈≈≈≈≈.≈≈≈≈≈≈≈≈.≈≈≈
≈≈≈≈≈≈≈≈≈≈≈≈≈≈≈≈≈≈≈≈≈≈≈≈≈
≈≈≈≈≈≈≈≈≈≈≈≈≈≈≈≈≈≈≈≈≈≈≈≈≈
≈≈≈≈≈≈≈≈...≈≈.≈≈≈≈≈≈≈≈.≈
≈..≈≈≈≈≈≈≈≈≈≈≈.≈


You could see a merfolk.

Vanquished Creatures
  Gastronok (D:8)
  The ghost of psellion the Archer, a journeyman CeHu of Makhleb (Lair:5)
  A merfolk impaler (Shoals:1)
  A hydra (Lair:5)
  A two-headed ogre (D:8)
  6 death yaks (Lair:4)
  Urug (Lair:3)
  3 sea snakes (Shoals:1)
  An unseen horror (D:8)
  A faun (Shoals:1)
  2 black mambas
  A gargoyle (D:10)
  3 spiny frogs
  3 rime drakes
  A komodo dragon (Lair:5)
  A troll (D:9)
  4 merfolk (Shoals:1)
  A polar bear (D:9)
  3 jumping spiders (Lair:4)
  5 blink frogs (Lair:4)
  7 hippogriffs
  A snapping turtle (Lair:2)
  Sigmund (D:6)
  5 redbacks (Lair:4)
  14 yaks
  2 water elementals (Shoals:1)
  A wyvern (D:8)
  A hungry ghost (D:5)
  3 water moccasins
  5 porcupines
  5 ice beasts
  A black bear (D:8)
  8 ogres
  5 orc warriors
  3 wolves (D:10)
  4 centaurs
  4 crocodiles
  A big kobold (D:8)
  Blork the orc (D:4)
  4 bullfrogs
  2 scorpions
  9 killer bees
  2 howler monkeys (D:9)
  2 electric eels
  A bullfrog zombie (D:4)
  4 crimson imps
  A quasit (D:9)
  A centaur skeleton (D:4)
  9 orc priests
  8 hounds
  3 jellies
  An iron imp (D:9)
  3 bullfrog skeletons
  2 iguanas
  12 orc wizards
  A worker ant (D:6)
  A killer bee zombie (D:10)
  2 hound zombies
  3 hound skeletons
  2 worker ant zombies
  A howler monkey zombie (D:9)
  10 adders
  3 shadow imps
  A white imp (D:9)
  An ufetubus (D:9)
  9 oozes
  2 adder zombies
  3 leopard geckos
  55 orcs
  A ball python (D:8)
  A giant cockroach (D:3)
  2 hobgoblins
  4 jackals (D:10)
  10 kobolds
  2 frilled lizards
  A leopard gecko zombie (D:4)
  3 rats
  A fungus (Lair:5)
  A plant (Lair:5)
297 creatures vanquished.

Vanquished Creatures (collateral kills)
  A hydra (Lair:5)
  A troll (D:10)
  A water moccasin (D:10)
  An electric eel (D:10)
  An adder (D:10)
5 creatures vanquished.

Vanquished Creatures (others)
  An iguana (D:10)
  An orc (D:10)
  2 fungi (D:3)
  5 toadstools (D:3)
9 creatures vanquished.

Grand Total: 311 creatures vanquished

Notes
Turn   | Place    | Note
-------+----------+-------------------------------------------
     0 | D:1      | Mgcat the Minotaur Berserker began the quest for the Orb.
     0 | D:1      | Reached XP level 1. HP: 19/19 MP: 0/0
    42 | D:1      | Reached skill level 4 in Axes
    58 | D:2      | Reached XP level 2. HP: 26/26 MP: 1/1
   119 | D:2      | Reached skill level 5 in Axes
   164 | D:2      | Reached XP level 3. HP: 31/31 MP: 2/2
   336 | D:3      | Reached skill level 6 in Axes
   336 | D:3      | Reached XP level 4. HP: 26/39 MP: 3/3
   355 | D:3      | HP: 8/39 [acid (4)]
   355 | D:3      | Reached ** piety under Trog
   608 | D:3      | Reached skill level 7 in Axes
   608 | D:3      | Reached XP level 5. HP: 33/45 MP: 4/4
   714 | D:4      | Reached skill level 8 in Axes
   918 | D:4      | Found a hide-covered altar of Uskayaw.
   940 | D:4      | Reached XP level 6. HP: 47/51 MP: 5/5
  1025 | D:4      | Reached skill level 9 in Axes
  1113 | D:4      | Noticed Blork the orc
  1127 | D:4      | Killed Blork the orc
  1188 | D:5      | Entered Level 5 of the Dungeon
  1310 | D:5      | Reached XP level 7. HP: 31/57 MP: 6/6
  1457 | D:5      | Noticed a hungry ghost
  1464 | D:5      | Killed a hungry ghost
  1464 | D:5      | Reached skill level 10 in Axes
  1525 | D:5      | Found a blossoming altar of Fedhas.
  1525 | D:5      | Found an opulent altar of Gozag.
  1620 | D:6      | Noticed a hippogriff
  1627 | D:6      | Killed a hippogriff
  1627 | D:6      | Reached skill level 11 in Axes
  1657 | D:6      | Noticed Sigmund
  1669 | D:6      | Killed Sigmund
  1669 | D:6      | Reached XP level 8. HP: 58/64 MP: 7/7
  1746 | D:6      | Reached skill level 12 in Axes
  1748 | D:6      | Reached *** piety under Trog
  2044 | D:6      | Found a staircase to the Ecumenical Temple.
  2260 | D:7      | Found a radiant altar of Vehumet.
  2265 | D:7      | Found a burning altar of Makhleb.
  2265 | D:7      | Found a sacrificial altar of Ru.
  2266 | D:7      | Found an ornate altar of the Wu Jian Council.
  2315 | D:7      | Reached skill level 13 in Axes
  2392 | D:7      | Found a hide-covered altar of Uskayaw.
  2552 | D:8      | Reached XP level 9. HP: 69/70 MP: 8/8
  2558 | D:8      | Reached skill level 14 in Axes
  2609 | D:8      | Noticed Gastronok
  2622 | D:8      | Killed Gastronok
  2622 | D:8      | Reached skill level 7 in Fighting
  2622 | D:8      | Reached skill level 15 in Axes
  2663 | D:8      | Got a pair of shimmering boots
  2679 | D:8      | Reached XP level 10. HP: 82/86 MP: 9/9
  2774 | D:8      | Reached **** piety under Trog
  2809 | D:8      | Found Wejianga's General Store.
  2817 | D:8      | Bought a scroll of blinking for 90 gold pieces
  2883 | D:8      | Killed an unseen horror
  2883 | D:8      | Reached skill level 16 in Axes
  3417 | D:8      | Noticed a two-headed ogre
  3422 | D:8      | Killed a two-headed ogre
  3422 | D:8      | Reached skill level 4 in Armour
  3558 | D:9      | Found Bumos's Distillery.
  3564 | D:9      | Bought a potion of mutation for 136 gold pieces
  3564 | D:9      | Gained mutation: Your muscles are strong. (Str +2) [potion of mutation]
  3564 | D:9      | Gained mutation: You expend magic power (3 MP) to strengthen your wands. [potion of mutation]
  3564 | D:9      | Gained mutation: You have supernaturally acute eyesight. (SInv) [potion of mutation]
  3565 | D:9      | Bought a potion of curing for 51 gold pieces
  3605 | D:9      | Reached skill level 5 in Armour
  3677 | D:9      | Reached ***** piety under Trog
  3680 | D:9      | Reached skill level 17 in Axes
  3683 | D:9      | Found a staircase to the Orcish Mines.
  3799 | D:9      | Identified the cursed +0 pair of boots of the Vanishing People {+Blink rPois Int+4} (You found it on level 8 of the Dungeon)
  3992 | D:9      | Found Veidif's Antique Weapon Shop.
  4222 | D:9      | Found a snail-covered altar of Cheibriados.
  4457 | D:9      | Found Qaymesk's Food Shop.
  4464 | D:9      | Bought a ration for 60 gold pieces
  4464 | D:9      | Bought a ration for 60 gold pieces
  4464 | D:9      | Bought a ration for 60 gold pieces
  4573 | D:9      | Reached XP level 11. HP: 88/92 MP: 10/10
  4701 | D:10     | Entered Level 10 of the Dungeon
  4902 | D:10     | Found a staircase to the Lair.
  4904 | D:10     | Reached skill level 3 in Dodging
  4916 | D:10     | HP: 15/92 [ogre/giant club (12)]
  4922 | D:10     | Reached skill level 4 in Dodging
  4964 | D:10     | Reached skill level 18 in Axes
  5011 | D:10     | Received a gift from Trog
  5189 | Lair:1   | Entered Level 1 of the Lair of Beasts
  5216 | Lair:1   | Found a labyrinth entrance.
  5227 | Lair:1   | Reached skill level 5 in Dodging
  5482 | Lair:2   | Found a staircase to the Shoals.
  5674 | Lair:3   | Noticed Urug
  5698 | Lair:3   | Killed Urug
  5698 | Lair:3   | Reached skill level 8 in Fighting
  6014 | Lair:4   | Reached skill level 9 in Fighting
  6136 | Lair:4   | Noticed a death yak
  6136 | Lair:4   | Noticed a death yak
  6136 | Lair:4   | Noticed a death yak
  6136 | Lair:4   | Noticed a death yak
  6136 | Lair:4   | Noticed a death yak
  6138 | Lair:4   | Noticed a death yak
  6153 | Lair:4   | Killed a death yak
  6155 | Lair:4   | Killed a death yak
  6159 | Lair:4   | Killed a death yak
  6159 | Lair:4   | Reached skill level 19 in Axes
  6159 | Lair:4   | Reached XP level 12. HP: 101/106 MP: 3/11
  6163 | Lair:4   | Killed a death yak
  6163 | Lair:4   | Reached skill level 10 in Fighting
  6170 | Lair:4   | Killed a death yak
  6174 | Lair:4   | Killed a death yak
  6366 | Lair:4   | Found a hole to the Spider Nest.
  6466 | Lair:4   | Reached skill level 20 in Axes
  6818 | Lair:5   | Noticed a six-headed hydra
  6827 | Lair:5   | Killed an eight-headed hydra
  6850 | Lair:5   | Noticed psellion's ghost (journeyman CeHu)
  6852 | Lair:5   | Noticed a four-headed hydra
  6858 | Lair:5   | Killed psellion's ghost
  6862 | Lair:5   | Killed a seven-headed hydra
  7416 | Lair:5   | Reached skill level 21 in Axes
  7731 | Shoals:1 | Entered Level 1 of the Shoals
  7864 | Shoals:1 | Received a gift from Trog
  7886 | Shoals:1 | Noticed a merfolk impaler
  7899 | Shoals:1 | Reached skill level 6 in Armour
  7899 | Shoals:1 | Reached skill level 6 in Dodging
  7899 | Shoals:1 | Reached XP level 13. HP: 66/113 MP: 4/12
  7904 | Shoals:1 | HP: 34/169 [merfolk impaler/trident of venom (10)]
  7906 | Shoals:1 | Killed a merfolk impaler
  7906 | Shoals:1 | HP: 16/169 [poisoned by a merfolk impaler]
  7909 | Shoals:1 | HP: 7/113 [poisoned by a merfolk impaler]
  7909 | Shoals:1 | Slain by a merfolk

Vault maps used:
D:1:      erik_arrival_blinker_ship
D:2:      first_ration
D:3:      cheibrodos_fertilizer
D:4:      eat_drink_and_be_merry_uskayaw, serial_undead, serial_undead_a,
          serial_undead_b, serial_undead_e, serial_undead_a, uniq_blork_the_orc
D:5:      lemuel_round_altar, gammafunk_temple_overflow_wave
D:6:      minmay_temple_entry_nine_rooms, grunt_ministairs_8,
          uniq_crazy_yiuf_cottage, uniq_sigmund
D:7:      chequers_temple_overflow_statue_of_worship, basic_altar,
          minmay_misc_feat_five, the_bakery, uniq_pikel
D:8:      serial_shops, shop_statue, serial_co_window_serial, co_window_paths_a,
          co_window_of_opportunity_a, co_window_corner_a, co_window_corner_a,
          co_window_paths_a, co_window_2corner, co_window_unsneaky_path_b,
          co_window_corner_b, glass_columns_c, glass_columns_a, minmay_radiant,
          uniq_gastronok
D:9:      slow_altar_2, hiddenorc2_lemuel, serial_ice, serial_ice_i,
          serial_ice_g, serial_ice_a, serial_ice_d, serial_shops,
          nicolae_shop_statue_plus, shop, kennysheep_mini_moat,
          kennysheep_cross_bottleneck
D:10:     erik_lair_island, special_room, minmay_misc_feat_doors,
          lemuel_flamethrower_hall
Lair:1:   lab_entry_generic, serial_bayou_lake_a, infiniplex_staircase_pool
Lair:2:   minmay_shoals_entry_hut, portal_ice_cave_entry_pillars_2
Lair:3:   minmay_stone_trees_small, st_stairs_13, beast_lair_carwin_3,
          uniq_urug, uniq_sonja
Lair:4:   nicolae_spider_entry_tight_spaces, grunt_megastairs_4
Lair:5:   slime_altar_1, grunt_megastairs_5
Shoals:1: cheibrodos_shoals_epimethial_gifts

Skill      XL: |  1  2  3  4  5  6  7  8  9 10 11 12 |
---------------+-------------------------------------+-----
Axes           | 4 5 6 7 8 9 11 13 15 17 19 21 | 21.1
Fighting       | 7 9 10 | 10.1
Armour         | 5 6 |  6.4
Dodging        | 5 6 |  6.3

Action                   |  1- 3 |  4- 6 |  7- 9 | 10-12 | 13-15 || total
-------------------------+-------+-------+-------+-------+-------++-------
Melee: Hand axe          |    38 |    77 |       |       |       ||   115
       Headbutt          |     6 |    22 |    28 |   128 |     2 ||   186
       War axe           |       |     7 |   130 |   254 |       ||   391
       Battleaxe         |       |       |       |   196 |     8 ||   204
Invok: Berserk           |     3 |     4 |     6 |    18 |       ||    31
       Trog's Hand       |       |       |     6 |     7 |       ||    13
       Brothers in Arms  |       |       |       |     3 |       ||     3
Evoke: Wand              |       |     1 |       |     5 |       ||     6
  Use: Scroll            |       |     5 |     3 |    10 |       ||    18
       Potion            |       |       |       |     2 |       ||     2
  Eat: Chunk             |     1 |     6 |    10 |    22 |       ||    39
       Ration            |       |       |     1 |     5 |       ||     6
Armor: Animal skin       |     6 |     3 |       |       |       ||     9
       Ring mail         |       |    20 |    11 |       |       ||    31
       Plate armour      |       |       |    68 |   221 |     5 ||   294
Dodge: Dodged            |    22 |    35 |    48 |   157 |     4 ||   266

Table legend:
 A = Spawn XP
 B = Non-spawn XP
 C = Spawn XP percentage of total XP
 D = Spawn monster count
 E = Non-spawn monster count
 F = Spawn count percentage of total count
 G = Total turns spent on level
                    A         B        C        D         E        F      G
               +---------+---------+-------+---------+---------+-------+---------
         Total |       0 |   40524 |   0.0 |       0 |     300 |   0.0 |  7909
               +---------+---------+-------+---------+---------+-------+---------
           D:1 |       0 |       9 |   0.0 |       0 |       5 |   0.0 |    55
           D:2 |       0 |      32 |   0.0 |       0 |       5 |   0.0 |   124
           D:3 |       0 |     164 |   0.0 |       0 |      20 |   0.0 |   464
           D:4 |       0 |     501 |   0.0 |       0 |      13 |   0.0 |   545
           D:5 |       0 |     338 |   0.0 |       0 |       5 |   0.0 |   423
           D:6 |       0 |    1022 |   0.0 |       0 |      16 |   0.0 |   645
           D:7 |       0 |     683 |   0.0 |       0 |      14 |   0.0 |   277
           D:8 |       0 |    5260 |   0.0 |       0 |      42 |   0.0 |   982
           D:9 |       0 |    3063 |   0.0 |       0 |      68 |   0.0 |  1186
          D:10 |       0 |    3807 |   0.0 |       0 |      42 |   0.0 |   488
        Lair:1 |       0 |     559 |   0.0 |       0 |       3 |   0.0 |   286
        Lair:2 |       0 |     478 |   0.0 |       0 |       3 |   0.0 |   237
        Lair:3 |       0 |    2449 |   0.0 |       0 |       8 |   0.0 |   370
        Lair:4 |       0 |   10921 |   0.0 |       0 |      30 |   0.0 |   849
        Lair:5 |       0 |    5798 |   0.0 |       0 |      15 |   0.0 |   800
      Shoals:1 |       0 |    5440 |   0.0 |       0 |      11 |   0.0 |   178
               +---------+---------+-------+---------+---------+-------+---------

Vault maps used:
D:1:      erik_arrival_blinker_ship
D:2:      first_ration
D:3:      cheibrodos_fertilizer
D:4:      eat_drink_and_be_merry_uskayaw, serial_undead, serial_undead_a,
          serial_undead_b, serial_undead_e, serial_undead_a, uniq_blork_the_orc
D:5:      lemuel_round_altar, gammafunk_temple_overflow_wave
D:6:      minmay_temple_entry_nine_rooms, grunt_ministairs_8,
          uniq_crazy_yiuf_cottage, uniq_sigmund
D:7:      chequers_temple_overflow_statue_of_worship, basic_altar,
          minmay_misc_feat_five, the_bakery, uniq_pikel
D:8:      serial_shops, shop_statue, serial_co_window_serial, co_window_paths_a,
          co_window_of_opportunity_a, co_window_corner_a, co_window_corner_a,
          co_window_paths_a, co_window_2corner, co_window_unsneaky_path_b,
          co_window_corner_b, glass_columns_c, glass_columns_a, minmay_radiant,
          uniq_gastronok
D:9:      slow_altar_2, hiddenorc2_lemuel, serial_ice, serial_ice_i,
          serial_ice_g, serial_ice_a, serial_ice_d, serial_shops,
          nicolae_shop_statue_plus, shop, kennysheep_mini_moat,
          kennysheep_cross_bottleneck
D:10:     erik_lair_island, special_room, minmay_misc_feat_doors,
          lemuel_flamethrower_hall
Lair:1:   lab_entry_generic, serial_bayou_lake_a, infiniplex_staircase_pool
Lair:2:   minmay_shoals_entry_hut, portal_ice_cave_entry_pillars_2
Lair:3:   minmay_stone_trees_small, st_stairs_13, beast_lair_carwin_3,
          uniq_urug, uniq_sonja
Lair:4:   nicolae_spider_entry_tight_spaces, grunt_megastairs_4
Lair:5:   slime_altar_1, grunt_megastairs_5
Shoals:1: cheibrodos_shoals_epimethial_gifts

Table legend:
 A = Turns spent in this place as a percentage of turns spent in the entire game.
 B = Non-inter-level travel turns spent in this place as a percentage of non-inter-level travel turns spent in the entire game.
 C = Inter-level travel turns spent in this place as a percentage of turns spent in this place.
 D = Turns resting spent in this place as a percentage of non-inter-level travel turns spent in this place.
 E = Turns spent auto-exploring this place as a percentage of non-inter-level travel turns spent in this place.
 F = Non-inter-level travel turns spent in this place divided by the number of levels of this place that you've seen.
                   A       B       C       D       E      F
               +-------+-------+-------+-------+-------+----------------------
         Total | 100.0 | 100.0 |   4.8 |   8.1 |  64.3 | 470.7
       Dungeon |  65.6 |  66.7 |   3.2 |   7.0 |  63.2 | 502.1
          Lair |  32.1 |  31.0 |   8.3 |   7.3 |  71.4 | 466.4
        Shoals |   2.3 |   2.4 |   0.0 |  47.8 |   0.0 | 178.0
               +-------+-------+-------+-------+-------+----------------------

Table legend:
 A = Kills in this place as a percentage of kills in entire the game.
 B = Kills by you in this place as a percentage of kills by you in the entire game.
 C = Kills by friends in this place as a percentage of kills by friends in the entire game.
 D = Other kills in this place as a percentage of other kills in the entire game.
 E = Experience gained in this place as a percentage of experience gained in the entire game.
 F = Experience gained in this place divided by the number of levels of this place that you have seen.
                   A       B       C       D       E      F
               +-------+-------+-------+-------+-------+----------------------
         Total | 100.0 | 100.0 | 100.0 |   N/A | 100.0 | 2532.8
       Dungeon |  76.7 |  76.6 |  80.0 |   N/A |  36.7 | 1487.9
          Lair |  19.7 |  19.7 |  20.0 |   N/A |  49.9 | 4041.0
        Shoals |   3.7 |   3.7 |   0.0 |   N/A |  13.4 | 5440.0
               +-------+-------+-------+-------+-------+----------------------
